 Dungeon Crawl Stone Soup version 0.28.0-45-g0d030f2227 (webtiles) character file.

Game seed: 11584674509960065135

14697 McKennaii the Fighter (level 11, -9/94 HPs)
             Began as a Demonspawn Fighter on Apr 6, 2022.
             Was an Initiate of Gozag.
             Mangled by a manticore (16 damage)
             ... on level 2 of the Lair of Beasts.
             The game lasted 00:18:58 (14834 turns).

McKennaii the Fighter (Demonspawn Fighter)         Turns: 14834, Time: 00:18:59

Health: -9/94      AC: 21    Str: 21    XL:     11   Next: 92%
Magic:  0/11       EV:  8    Int:  9    God:    Gozag
Gold:   1563       SH:  0    Dex: 13    Spells: 10/10 levels left

rFire   . . .      SeeInvis .   r - +7 scythe (freeze)
rCold   + . .      Faith    .   (shield currently unavailable)
rNeg    + . .      Spirit   +   q - +1 chain mail {rC+}
rPois   .          Reflect  .   (no helmet)
rElec   .          Harm     .   C - +1 cloak
rCorr   .          Rampage  .   i - +0 pair of gloves
Will    .....                   f - +0 pair of boots
Stlth   ..........              o - amulet of guardian spirit
HPRegen 0.25/turn               l - ring of flight
MPRegen 0.12/turn               E - ring of positive energy

@: gold aura, flying
A: hooves 2, icy blue scales 2, foul stench 1, powered by pain 1
a: Renounce Religion, Potion Petition, Call Merchant, Bribe Branch


You were on level 2 of the Lair of Beasts.
You worshipped Gozag.
Gozag was most pleased with you.
You visited 3 branches of the dungeon, and saw 12 of its levels.
You visited the Abyss 1 time.

You collected 1741 gold pieces.
You spent 28 gold pieces at shops.
You paid 150 gold pieces to Gozag.

Inventory:

Hand Weapons
 a - a +0 trident
 r - a +7 scythe of freezing (weapon)
Armour
 c - a +0 buckler
 f - a +0 pair of boots (worn)
 i - a +0 pair of gloves (worn)
 q - a +1 chain mail of cold resistance (worn)
 C - a +1 cloak (worn)
Jewellery
 l - a ring of flight (left hand)
 o - an amulet of guardian spirit (around neck)
 x - the ring "Gurats" {Fire rPois Int+5 SInv Stlth-}
   (You found it on level 6 of the Dungeon)

   [ring of fire]

   It enhances your fire magic.
   Int:       It affects your intelligence (+5).
   rF:        It protects you from fire.
   rC:        It makes you vulnerable to cold.
   rPois:     It protects you from poison.
   SInv:      It lets you see invisible.
   Stlth:     It makes you less stealthy.
 E - a ring of positive energy (right hand)
Scrolls
 g - 2 scrolls of amnesia
 p - 2 scrolls of enchant armour
 s - 6 scrolls of enchant weapon
 u - 3 scrolls of teleportation
 v - a scroll of acquirement {unknown}
 y - a scroll of holy word
 z - a scroll of blinking
 A - 2 scrolls of fog
 D - a scroll of fear {unknown}
 F - 2 scrolls of identify
 G - a scroll of immolation {unknown}
Potions
 b - 2 potions of mutation
 d - 3 potions of might
 e - 2 potions of lignification
 h - a potion of flight
 j - 2 potions of haste
 k - 5 potions of curing
 m - 2 potions of attraction
 t - 2 potions of ambrosia
 w - a potion of resistance
 B - a potion of invisibility {unknown}


   Skills:
 + Level 11.6 Fighting
 + Level 10.4 Polearms
 - Level 10.6 Armour
 - Level 3.8 Shields


You had 10 spell levels left.
You didn't know any spells.
Your spell library contained the following spells:

 Spells                   Type           Power      Damage    Failure   Level
 Sandblast                Erth           0%         2d4       95%         1
 Passwall                 Tmut/Erth      0%         N/A       98%         2
 Sublimation of Blood     Necr           0%         N/A       98%         2
 Wereblood                Tmut           0%         N/A       98%         2
 Gell's Gravitas          Tloc           0%         N/A       100%        3
 Lesser Beckoning         Tloc           0%         N/A       100%        3
 Ozocubu's Armour         Ice            0%         N/A       100%        3
 Stone Arrow              Conj/Erth      0%         3d7       100%        3
 Teleport Other           Tloc           0%         N/A       100%        3
 Summon Lightning Spire   Summ/Air       0%         N/A       100%        4
 Ozocubu's Refrigeration  Ice            0%         4d5       100%        7
 Storm Form               Tmut/Air       0%         N/A       100%        7
 Summon Hydra             Summ           0%         N/A       100%        7
 Maxwell's Capacitive Co  Air            0%         ∞         100%        8


Dungeon Overview and Level Annotations

Branches:
Dungeon (9/15)             Temple (1/1) D:6            Lair (2/6) D:8
 Shoals (0/4) Lair:2          Orc (0/2) D:9
  Snake: Lair:2-4    Spider: Lair:2-4

Altars:
Ashenzari
Cheibriados
Dithmenos
Elyvilon
Gozag
Hepliaklqana
Kikubaaqudgha
Makhleb
Nemelex Xobeh
Okawaru
Qazlal
Ru
Sif Muna
Trog
Uskayaw
Vehumet
Xom
Zin
The Shining One

Shops:
D:8 *

Annotations:
D:9 Erolcha


Innate Abilities, Weirdness & Mutations

You have hoof-like feet.
You are mostly covered in icy blue scales. (AC +3)
You may rarely emit foul miasma when damaged in melee.
You sometimes gain a little power by taking damage.


Message History

The wind drake is severely wounded.
The wind drake flaps its wings at you. The air twists around and strikes you!
* * * LOW HITPOINT WARNING * * *
The manticore closely misses you. The manticore completely misses you.
The manticore claws you but does no damage.
You closely miss the wind drake.
The wind drake is severely wounded.
You carefully extract the barbed spikes from your body.
The wind drake barely misses you. The manticore bites you.
* * * LOW HITPOINT WARNING * * *
The manticore claws you but does no damage. x2
The wind drake exhales a fierce blast of wind!
The manticore bites you.
The manticore claws you but does no damage.
The manticore claws you.
* * * LOW HITPOINT WARNING * * *
You feel much better. The wind drake flaps its wings at you.
The air twists around and strikes you. The manticore bites you!
* * * LOW HITPOINT WARNING * * *
The manticore claws you but does no damage.
The manticore barely misses you.
Unknown command.
You slice the wind drake!! You freeze the wind drake.
You kill the wind drake!
The manticore bites you.
* * * LOW HITPOINT WARNING * * *
The manticore claws you but does no damage.
The manticore barely misses you.
Unknown command.
You slash the manticore! You freeze the manticore!
The manticore is moderately wounded.
The manticore barely misses you. The manticore claws you.
* * * LOW HITPOINT WARNING * * *
The manticore claws you!
* * * LOW HITPOINT WARNING * * *
The manticore bites you!
You die...
Your body crumbles into a pile of gold.

### #..# ###### #..
#.##.### #..
#..##..######.. .#.
##......#.##.... >...
#####..##.......##..
....##P#@..####....###...
.......H$...###...####...
$
....#....P####P.....P....
#.....### ##..........
##.P.>#.# #.....(.....
##....####...........
#...................
#.......#.....##...#
#.P......###...#####..


You could see a manticore.

Vanquished Creatures
  Harold (D:9)
  Pikel (D:5)
  14 elephants
  4 cane toads (Lair:1)
  3 komodo dragons
  The ghost of dangdung the Changer, a novice OpTm (D:5)
  2 trolls
  A wind drake (Lair:2)
  Sigmund (D:3)
  10 yaks
  A steam dragon (D:8)
  2 basilisks (Lair:1)
  A large abomination (Abyss:2)
  3 water moccasins
  3 ice beasts
  A sky beast (D:5)
  4 orc warriors
  3 necrophages
  A black bear (D:6)
  The ghost of Tali the Skirmisher, an amateur DsBe of Trog (D:3)
  2 ogres
  4 centaurs
  A lemure (D:5)
  5 kobold brigands
  5 bullfrogs
  A gnoll sergeant (D:8)
  4 scorpions
  2 wyvern zombies
  A wyvern skeleton (D:6)
  A water moccasin skeleton (D:7)
  An oklob sapling (D:6)
  A wight (D:6)
  A howler monkey (D:5)
  A bullfrog zombie (D:6)
  5 orc priests
  4 centaur skeletons
  4 hounds
  2 gnoll shamans
  A jelly (D:7)
  2 iguanas (D:4)
  7 orc wizards
  A killer bee zombie (D:8)
  A hound zombie (D:5)
  A howler monkey zombie (D:6)
  9 gnolls
  4 adders
  A white imp (D:6)
  An ufetubus (D:6)
  2 dart slugs (D:1)
  28 orcs
  3 endoplasms
  8 giant cockroaches
  15 goblins
  9 hobgoblins
  4 jackals (D:1)
  33 kobolds
  3 quokkas
  12 ball pythons
  6 bats
  3 frilled lizards
  4 rats
261 creatures vanquished.

Vanquished Creatures (others)
  A bush (Lair:1)
  4 fungi
  60 plants
65 creatures vanquished.

Grand Total: 326 creatures vanquished

Notes
Turn   | Place    | Note
-------+----------+-------------------------------------------
     0 | D:1      | McKennaii the Demonspawn Fighter began the quest for the
                  | Orb.
     0 | D:1      | Reached XP level 1. HP: 18/18 MP: 1/1
   329 | D:1      | Gained mutation: You are partially covered in icy blue
                  | scales. (AC +2) [demonic ancestry]
   329 | D:1      | Reached XP level 2. HP: 6/24 MP: 2/2
   864 | D:1      | Reached XP level 3. HP: 19/29 MP: 3/3
  1047 | D:1      | Found a faded altar of an unknown god.
  1444 | D:2      | Found an opulent altar of Gozag.
  1637 | D:2      | Gained mutation: You sometimes gain a little power by
                  | taking damage. [demonic ancestry]
  1637 | D:2      | Reached XP level 4. HP: 34/35 MP: 4/4
  2220 | D:3      | Noticed Sigmund
  2410 | D:3      | Found a runed translucent door.
  2410 | D:3      | Noticed Tali's ghost (amateur DsBe)
  2833 | D:3      | Killed Sigmund
  2834 | D:3      | Reached skill level 4 in Fighting
  2834 | D:3      | Gained mutation: You may rarely emit foul miasma when
                  | damaged in melee. [demonic ancestry]
  2834 | D:3      | Reached XP level 5. HP: 5/42 MP: 5/5
  3144 | D:3      | Gained mutation: You have large cloven feet. [demonic
                  | ancestry]
  3144 | D:3      | Reached XP level 6. HP: 48/48 MP: 6/6
  3389 | D:3      | Found a bloodstained altar of Trog.
  3423 | D:3      | Found a shimmering blue altar of Sif Muna.
  3425 | D:3      | Found a hazy altar of Hepliaklqana.
  3426 | D:3      | Found a radiant altar of Vehumet.
  3426 | D:3      | Found an ancient bone altar of Kikubaaqudgha.
  3426 | D:3      | Found a stormy altar of Qazlal.
  3745 | D:3      | Killed Tali's ghost
  3962 | D:4      | Reached skill level 5 in Fighting
  3962 | D:4      | Reached XP level 7. HP: 24/56 MP: 7/7
  4884 | D:4      | Reached skill level 5 in Armour
  5088 | D:5      | Entered Level 5 of the Dungeon
  5272 | D:5      | You are sucked into a shaft and drop 3 floors!
  5293 | D:8      | Reached XP level 8. HP: 63/64 MP: 8/8
  5295 | D:8      | Reached skill level 6 in Fighting
  5343 | D:8      | Reached skill level 5 in Polearms
  5923 | D:6      | Reached skill level 7 in Fighting
  5959 | D:6      | Reached XP level 9. HP: 61/72 MP: 9/9
  5976 | D:6      | Identified the ring "Gurats" {Fire rPois Int+5 SInv Stlth-}
  6016 | D:6      | Noticed a troll
  6020 | D:6      | Killed a troll
  6063 | D:6      | Found a staircase to the Ecumenical Temple.
  6075 | Temple   | Entered the Ecumenical Temple
  6262 | Temple   | Became a worshipper of Gozag Ym Sagoz the Greedy
  6874 | D:5      | Noticed Pikel
  6885 | D:5      | Killed Pikel
  6886 | D:5      | Reached skill level 8 in Fighting
  7637 | D:5      | Found a runed translucent door.
  8066 | D:5      | Noticed dangdung's ghost (novice OpTm)
  8076 | D:5      | Killed dangdung's ghost
  8673 | D:7      | Gained mutation: You are mostly covered in icy blue scales.
                  | (AC +3) [demonic ancestry]
  8673 | D:7      | Reached XP level 10. HP: 66/82 MP: 10/10
  9283 | D:8      | Reached skill level 9 in Fighting
  9691 | D:8      | Found Tonout Ydue's General Store.
  9785 | D:8      | Found a staircase to the Lair.
 10051 | D:8      | Bought a scroll of identify for 28 gold pieces
 10232 | D:8      | Identified the +9 whip of Dishonour {freeze, Contam rN+
                  | Will+ Dex+2}
 10539 | D:9      | Noticed Harold
 10553 | D:9      | Killed Harold
 10908 | D:9      | Found a staircase to the Orcish Mines.
 10908 | D:9      | Noticed Erolcha
 10911 | D:9      | Cast into level 2 of the Abyss (Erolcha)
 10961 | D:9      | Escaped the Abyss
 11071 | Lair:1   | Entered Level 1 of the Lair of Beasts
 11141 | Lair:1   | Noticed a cane toad
 11160 | Lair:1   | Killed a cane toad
 11172 | D:8      | Reached skill level 10 in Fighting
 11763 | Lair:1   | Noticed a cane toad
 11779 | Lair:1   | Killed a cane toad
 12050 | Lair:1   | Gained mutation: You have hoof-like feet. [demonic
                  | ancestry]
 12050 | Lair:1   | Reached XP level 11. HP: 64/91 MP: 8/11
 13349 | Lair:1   | Reached skill level 10 in Armour
 13422 | Lair:1   | Reached skill level 11 in Fighting
 13513 | D:8      | Reached skill level 10 in Polearms
 14817 | Lair:2   | Found a staircase to the Shoals.
 14834 | Lair:2   | Mangled by a manticore

Illustrated notes

Levels and vault maps discovered:
D:1:      nagdon_arrival_double_spiral, layout_rooms,
          hellmonk_ecumenical_altar_leap_of_faith
D:2:      layout_basic, basic_altar
D:3:      layout_loops_cross, minitemple, hellmonk_ghost_happy_afterlife,
          serial_glass, glass_columns_c, glass_columns_b, glass_columns_c,
          glass_columns_a, glass_columns_a, glass_columns_c, minmay_checkerbox,
          uniq_sigmund
D:4:      minmay_diamond_boxcup, layout_basic, minmay_misc_feat_roman,
          st_stairs_2
D:5:      layout_layer_cave, ebering_ghost_reflecting_pool, uniq_pikel
D:6:      layout_loops_corners, minmay_temple_entry_oklob, nrook_pool_corridor,
          minmay_bent
D:7:      layout_basic
D:8:      layout_rooms, david_lair_shrubbed, nicolae_take_the_stairs
D:9:      lemuel_slime, layout_loops_ring, david_orc_2,
          amcnicky_mini_corridor_feature, uniq_harold, uniq_erolcha
Temple:   nicolae_temple_figure_eight
Lair:1:   layout_chaotic_city, nicolae_lair_grazing_beasts
          [nicolae_sub_lair_graze_edge, nicolae_sub_lair_graze_edge,
          nicolae_sub_lair_graze_edge, nicolae_sub_lair_graze_edge]
Lair:2:   layout_layer_cave, minmay_shoals_entry_beasts, uniq_erica

Skill      XL: |  1  2  3  4  5  6  7  8  9 10 11 |
---------------+----------------------------------+-----
Polearms       | 2 3 4 6 7 9 10 | 10.4
Armour         | 3 4 5 6 8 9 10 | 10.6
Shields        | 3 |  3.8
Fighting       | 4 5 7 8 10 11 | 11.6

Action                   |  1- 3 |  4- 6 |  7- 9 | 10-12 || total
-------------------------+-------+-------+-------+-------++-------
Melee: Trident           |   133 |    78 |       |       ||   211
       Scythe            |       |    45 |   215 |   344 ||   604
  Use: Potion            |       |     1 |       |     1 ||     2
       Scroll            |       |     9 |     2 |     5 ||    16
Armor: Scale mail        |    77 |    22 |       |       ||    99
       Chain mail        |       |    26 |   213 |   322 ||   561
Dodge: Dodged            |    52 |    31 |   103 |   169 ||   355
Block: Buckler           |    33 |    18 |       |       ||    51
